Map: Defender's Landing LE

Players

llllllllllll (Zest) - Winner!

  • Race: Protoss Protoss
  • League: Master
  • Spawn Location: 1:00

HeroMarine

  • Race: Terran Terran
  • Spawn Location: 7:00

Event: HomeStory Cup XV

VOD

Have the link to the VOD?

Description

Time

  • Played on: July 22, 2017, 11:49 a.m.
  • Length: 6:32

All games in this series

Show
View Real Time Build Order
Export as new Build Order

llllllllllll Protoss - Winner!

Build Orders: Oracle Opening, Blink Stalkers 

Get SALT Encoding   

  12  0:01  Probe (Chrono Boost)  
  13  0:11  Probe (Chrono Boost)  
  14  0:18  Pylon  
  14  0:22  Probe (Chrono Boost)  
  15  0:36  Probe (Chrono Boost), Gateway  
  15  0:42  Assimilator  
  16  0:47  Probe (Chrono Boost)  
  17  0:51  Assimilator  
  17  0:57  Probe (Chrono Boost)  
  17  1:00  Pylon  
  18  1:08  Probe (Chrono Boost)  
  19  1:18  Probe (Chrono Boost)  
  19  1:23  Cybernetics Core  
  20  1:29  Probe (Chrono Boost)  
  22  1:40  Probe (Chrono Boost)  
  22  1:50  Probe (Chrono Boost)  
  27  2:01  Mothership Core (Chrono Boost), Adept (Chrono Boost)  
  27  2:04  Stargate  
  27  2:22  Nexus  
  27  2:26  Warp Gate (Chrono Boost)  
  27  2:44  Probe  
  27  2:46  Oracle (Chrono Boost)  
  27  2:51  Pylon  
  30  3:04  Pylon  
  30  3:15  Probe (Chrono Boost), Twilight Council  
  31  3:26  Probe (Chrono Boost)  
  32  3:32  Gateway  
  32  3:34  Gateway  
  32  3:35  Probe (Chrono Boost)  
  32  3:37  Probe (Chrono Boost)  
  34  3:45  Probe (Chrono Boost)  
  34  3:48  Probe (Chrono Boost)  
  36  3:57  Probe (Chrono Boost)  
  36  3:58  Probe, Blink (Chrono Boost)  
  38  4:03  Pylon  
  38  4:07  Probe  
  39  4:10  Probe  
  40  4:18  Probe  
  40  4:22  Probe  
  42  4:28  Probe, Stalker x3  
  49  4:34  Probe  
  50  4:40  Probe  
  51  4:46  Probe  
  51  4:51  Pylon, Stalker x2  
  51  4:52  Stalker  
  58  5:05  Nexus  
  58  5:18  Stalker x3  
  64  5:35  Probe  
  64  5:37  Probe  
  64  5:42  Stalker x3  
  68  5:46  Probe  
  68  5:49  Probe  
  70  6:15  Probe  
  70  6:16  Probe  
  72  6:18  Gateway  
  72  6:19  Stalker x2, Gateway  
  72  6:20  Stalker  
  72  6:25  Pylon  
  78  6:27  Pylon  
  78  6:28  Gateway  
Show
View Real Time Build Order
Export as new Build Order

HeroMarine Terran 

Build Orders:  

Get SALT Encoding   

  12  0:01  SCV  
  13  0:13  SCV  
  14  0:17  Supply Depot  
  14  0:25  SCV  
  15  0:39  SCV  
  15  0:41  Barracks  
  16  0:47  Refinery  
  16  0:51  SCV  
  17  1:03  SCV  
  18  1:15  SCV  
  19  1:28  Marine, Orbital Command  
  20  1:41  Command Center  
  20  1:47  Barracks Reactor  
  20  1:53  SCV  
  21  1:56  Supply Depot  
  21  2:06  SCV  
  22  2:13  Factory  
  22  2:18  SCV  
  22  2:22  Engineering Bay  
  23  2:23  Marine  
  23  2:24  Marine  
  25  2:30  Bunker  
  25  2:34  SCV  
  26  2:42  Marine  
  26  2:43  Marine  
  28  2:46  SCV  
  28  2:48  Missile Turret  
  29  2:58  SCV  
  29  3:00  Marine x2  
  29  3:05  Orbital Command  
  31  3:16  Cyclone  
  34  3:20  SCV  
  34  3:21  Marine  
  34  3:22  Orbital Command, Marine  
  37  3:30  Refinery  
  37  3:34  SCV  
  38  3:37  Starport  
  38  3:43  Marine x2  
  38  3:46  SCV  
  41  3:54  SCV  
  41  3:58  SCV  
  41  4:00  Marine  
  41  4:01  Marine  
  41  4:02  Supply Depot  
  44  4:07  SCV, Barracks  
  45  4:10  SCV, Missile Turret  
  45  4:14  Barracks  
  48  4:24  SCV x2  
  48  4:25  Supply Depot  
  48  4:29  Factory Tech Lab, Starport Tech Lab  
  48  4:32  Supply Depot  
  48  4:36  SCV x2, Marine  
  51  4:44  Supply Depot  
  51  4:46  Marine  
  51  4:48  SCV x2  
  54  4:58  Factory Reactor  
  54  5:00  SCV x2, Starport Reactor  
  56  5:08  Marine  
  56  5:09  Marine x2  
  56  5:12  Marine, SCV x2  
  62  5:19  Refinery  
  62  5:22  Supply Depot  
  62  5:24  SCV x2  
  62  5:26  Marine x2  
  62  5:27  Supply Depot  
  63  5:30  Marauder  
  63  5:36  Marauder  
  63  5:37  SCV x2  
  63  5:42  Widow Mine x2  
  62  5:44  Marine x2  
  63  5:51  Marauder  
  63  5:54  SCV x2  
  67  5:58  Marauder  
  64  6:05  Refinery  
  64  6:06  SCV x2, Marine  
  64  6:07  Marine  
  52  6:18  SCV  
  52  6:19  SCV  
Tags
 
Add a new tag
Caveats
  • Supply blocks, unpowered buildings, or Contaminate may cause inaccurate times.
  • Supply counts are checked every 10 seconds.